 Dungeon Crawl Stone Soup version 0.31-a0-965-g8a8ce12e04 (webtiles) character file.

Game seed: 17866610476967951182

101 Shayle the Ducker (level 4, 0/27 HPs)
             Began as a Tengu Hexslinger on Oct 26, 2023.
             Slain by a phantom (4 damage)
             ... on level 4 of the Dungeon.
             The game lasted 00:02:28 (984 turns).

Shayle the Ducker (Tengu Hexslinger)                 Turns: 984, Time: 00:02:29

Health: 0/27       AC:  6    Str:  8    XL:     4   Next: 75%
Magic:  4/7        EV: 13    Int: 13    God:
Gold:   124        SH:  0    Dex: 19    Spells: 3/5 levels left

rFire   . . .        a - +1 sling
rCold   . . .        (no shield)
rNeg    . . .        c - +0 robe
rPois   .            f - +2 hat
rElec   .            (no cloak)
rCorr   .            (no gloves)
SInv    .            (boots unavailable)
Will    .....        (no amulet)
Stlth   ++           (no ring)
HPRegen 0.24/turn    (no ring)
MPRegen 0.10/turn

%: acrobat
@: weak-willed, enlightened, jinxed, flying
A: beak, talons 3, acrobatic, iridescent scales 1, high MP 1
a: no special abilities


You were on level 4 of the Dungeon.
You visited 1 branch of the dungeon, and saw 3 of its levels.

You collected 124 gold pieces.

Inventory:

Hand Weapons
 a - a +1 sling (weapon)
Armour
 c - a +0 robe (worn)
 f - a +2 hat (worn)
Scrolls
 b - 2 scrolls of poison
 d - a scroll of identify {unknown}
 g - a scroll of torment {unknown}
 i - a scroll of amnesia {unknown}
Potions
 e - a potion of magic


   Skills:
 + Level 2.6 Fighting
 - Level 2.1 Ranged Weapons
 + Level 3.4 Dodging
 + Level 2.4 Stealth
 - Level 1.0 Spellcasting
 - Level 2.1 Hexes
 - Level 1.1 Fire Magic


You had 3 spell levels left.
You knew the following spells:

 Your Spells              Type           Power      Damage    Failure   Level
a - Jinxbite              Hex            12%        N/A       17%         2

Your spell library contained the following spells:

 Spells                   Type           Power      Damage    Failure   Level
 Sigil of Binding         Hex            6%         N/A       34%         3
 Inner Flame              Hex/Fire       4%         N/A       41%         3
 Cause Fear               Hex            3%         N/A       75%         4
 Dimensional Bullseye     Hex/Tloc       1%         N/A       87%         4


Dungeon Overview and Level Annotations

Branches:
Dungeon (2/15)

Altars:
Kikubaaqudgha


Innate Abilities, Weirdness & Mutations

You have a beak for a mouth.
You have claws for feet.
You can magically evade attacks while moving or waiting.
You are partially covered in iridescent scales. (AC +2)
You have an increased reservoir of magic. (+10% MP)


Message History

The phantom blinks!
You blink.
You shoot a sling bullet.
The sling bullet barely misses the phantom.
The phantom barely misses you.
Okay, then.
Okay, then.
You aren't carrying any items that you can evoke.
Unknown command.
You shoot a sling bullet.
The sling bullet barely misses the phantom.
A giggling sprite leaps out and doodles on the phantom's face.
The phantom is moderately damaged.
You hear the slow rusting of a very distant drain.
The phantom hits you but does no damage. x2
You shoot a sling bullet.
The sling bullet hits the phantom but does no damage.
The phantom is moderately damaged.
The phantom hits you but does no damage.
You shoot a sling bullet.
The sling bullet hits the phantom but does no damage.
The phantom is moderately damaged.
A giggling sprite leaps out and doodles on the phantom's face.
The phantom is heavily damaged.
The phantom misses you.
You shoot a sling bullet. The sling bullet hits the phantom.
The phantom is heavily damaged.
The jinxing sprites lose interest in you.
The phantom barely misses you.
The phantom hits you but does no damage.
You shoot a sling bullet.
The sling bullet closely misses the phantom.
The phantom closely misses you.
You shoot a sling bullet.
The sling bullet closely misses the phantom.
The phantom seems less drained.
The phantom barely misses you.
Casting: Jinxbite (safe; 17% risk of failure)
Confirm with . or Enter, or press ? or * to list all spells.
You beckon some vexing sprites to accompany your attacks.
You feel your willpower being sapped. The phantom hits you.
You die...

#....###.## ##
#..#......# ..
###..#......# .#
#...........# ..#
#.#.#.........######.#
...:.......####......#
....≈≈.≈≈...###.##.###
..≈..≈.≈.W≈..##.##.#
..≈≈....@≈≈.....##.#
......_......#####.#
..≈≈.....≈≈......).#
..≈..≈.≈..≈...######
....≈≈.≈≈...#...
..........######
..........#
#.##..##### ...


You could see a phantom.

Vanquished Creatures
  A jelly (D:4)
  2 adders (D:2)
  A worm (D:2)
  3 dart slugs (D:1)
  3 ball pythons (D:1)
  2 bats (D:1)
  4 endoplasms
  2 hobgoblins
  6 jackals (D:1)
  5 kobolds
  A quokka (D:2)
  2 frilled lizards (D:2)
  6 goblins
  5 rats
43 creatures vanquished.

Notes
Turn   | Place    | Note
-------+----------+-------------------------------------------
     0 | D:1      | Shayle the Tengu Hexslinger began the quest for the Orb.
     0 | D:1      | Reached XP level 1. HP: 12/12 MP: 3/3
    39 | D:1      | Reached XP level 2. HP: 16/16 MP: 4/4
    42 | D:1      | Reached skill level 1 in Stealth
   491 | D:1      | Reached XP level 3. HP: 21/21 MP: 5/5
   795 | D:2      | Reached skill level 3 in Dodging
   888 | D:2      | Reached XP level 4. HP: 26/26 MP: 6/6
   891 | D:2      | Learned a level 2 spell: Jinxbite
   933 | D:2      | You fall into a shaft and drop 2 floors!
   954 | D:4      | Found an ancient bone altar of Kikubaaqudgha.
   960 | D:4      | Noticed a phantom
   972 | D:4      | Gained mutation: You are partially covered in iridescent
                  | scales. (AC +2) [potion of mutation]
   972 | D:4      | Gained mutation: You have an increased reservoir of magic.
                  | (+10% MP) [potion of mutation]
   976 | D:4      | HP: 1/27 [phantom (4)]
   984 | D:4      | Slain by a phantom

Illustrated notes

Levels and vault maps discovered:
D:1:      dpeg_arrival_simpleton_a, layout_basic
D:2:      layout_rooms
D:4:      kennysheep_six_static_rooms, layout_basic,
          mainiacjoe_overflow_small_starburst, cheibrodos_sewer_entry_bend,
          serial_shops, shop, grunt_decor_resistance

Skill      XL: |  1  2  3 |
---------------+----------+-----
Stealth        | 1 2 |  2.4
Fighting       | 2 |  2.6
Dodging        | 3 |  3.4
Ranged Weapons | |  2.1
Spellcasting   | |  1.0
Hexes          | |  2.1
Fire Magic     | |  1.1

Action                     |  1- 3 |  4- 6 || total
---------------------------+-------+-------++-------
   Fire: Sling             |   108 |    33 ||   141
   Cast: Jinxbite          |       |     3 ||     3
    Use: Potion            |       |     3 ||     3
 Armour: Robe              |    23 |    17 ||    40
  Dodge: Dodged            |    22 |     9 ||    31

Table legend: (Time is in decaauts)
 A = Elapsed time spent in this place.
 B = Non-inter-level travel time spent in this place.
 C = Inter-level travel time spent in this place.
 D = Time resting spent in this place.
 E = Time spent auto-exploring this place.
 F = Levels seen in this place.
 G = Mean time per level.
                   A        B        C        D        E       F      G
               +--------+--------+--------+--------+--------+-----+--------+
         Total |   1024 |   1003 |     21 |      0 |    721 |   3 |  341.3 |
       Dungeon |   1024 |   1003 |     21 |      0 |    721 |   3 |  341.3 |
               +--------+--------+--------+--------+--------+-----+--------+

Top non-repeatable levels by time:
     D:1: 786 daAuts
     D:2: 180 daAuts
     D:4: 57 daAuts
